 Dungeon Crawl Stone Soup version 0.18.1-48-g4cf74bf (console) character file.

754 Kloppie the Skirmisher (level 7, 0/40 HPs)
             Began as a Vine Stalker Fighter on June 27, 2016.
             Slain by an ogre
             ... wielding a +0 giant spiked club
              (9 damage)
             ... on level 4 of the Dungeon.
             The game lasted 00:05:03 (2550 turns).

Kloppie the Skirmisher (Vine Stalker Fighter)       Turns: 2550, Time: 00:05:03

Health: 0/40       AC:  7    Str: 19    XL:     7   Next: 79%
Magic:  0/8        EV:  9    Int:  8    God:
Gold:   178        SH:  0    Dex: 15    Spells: 0 memorised, 6 levels left

rFire  . . .     SeeInvis .     a - +0 flail
rCold  . . .     Gourm    .     b - +0 scale mail
rNeg   . . .     Faith    .     (no shield)
rPois  .         Spirit   +     u - +0 helmet
rElec  .         Dismiss  .     (no cloak)
rCorr  .         Reflect  .     (no gloves)
SustAt .         Harm     .     (no boots)
MR     .....                    (no amulet)
Stlth  ..........               (no ring)
                                (no ring)

@: not resistant to hostile enchantments, extremely unstealthy
A: fangs 2, regeneration 2, magic shield, antimagic bite, no device heal 3, rot
immunity
a: no special abilities


You were on level 4 of the Dungeon.
You were not hungry.

You visited 1 branch of the dungeon, and saw 4 of its levels.

You collected 178 gold pieces.

Inventory:

Hand Weapons
 a - a +0 flail (weapon)
Armour
 b - a +0 scale mail (worn)
 c - a +0 shield
 u - a +0 helmet (worn)
Jewellery
 k - an uncursed ring of poison resistance {unknown}
 m - a cursed amulet of inaccuracy {unknown}
 q - an uncursed ring of wizardry {unknown}
 y - an uncursed ring of resist corrosion {unknown}
Scrolls
 e - 2 scrolls of remove curse {unknown}
 j - 6 scrolls of identify {unknown}
 l - a scroll of amnesia {unknown}
 p - a scroll of fog {unknown}
 r - a scroll of recharging {unknown}
Potions
 d - 2 potions of might
 h - a potion of agility {unknown}
 n - a potion of lignification {unknown}
 o - a potion of degeneration {unknown}
 w - a potion of invisibility {unknown}
Books
 g - a book of Beasts

   Spells                             Type                      Level
   a - Summon Butterflies             Summoning                    1
   b - Call Canine Familiar           Summoning                    3
   c - Summon Ice Beast               Ice/Summoning                4
   d - Summon Mana Viper              Hexes/Summoning              5
   e - Summon Hydra                   Summoning                    7
 t - a book of Battle

   Spells                             Type                      Level
   a - Infusion                       Charms                       1
   b - Shroud of Golubria             Charms/Translocation         2
   c - Song of Slaying                Charms                       2
   d - Spectral Weapon                Hexes/Charms                 3
   e - Regeneration                   Charms/Necromancy            3
 x - the Compendium of Feathery Curses
   (You found it on level 4 of the Dungeon)

   Spells                             Type                      Level
   a - Shock                          Conjuration/Air              1
   b - Corona                         Hexes                        1
   c - Ensorcelled Hibernation        Hexes/Ice                    2
   d - Tukima's Dance                 Hexes                        3
   e - Fulminant Prism                Conjuration/Hexes            4
   f - Tornado                        Air                          9
 z - a book of Conjurations

   Spells                             Type                      Level
   a - Magic Dart                     Conjuration                  1
   b - Searing Ray                    Conjuration                  2
   c - Dazzling Spray                 Conjuration/Hexes            3
   d - Fulminant Prism                Conjuration/Hexes            4
   e - Iskenderun's Mystic Blast      Conjuration                  4
   f - Iskenderun's Battlesphere      Conjuration/Charms           5
Comestibles
 f - 2 bread rations
 i - 4 fruits
 s - a meat ration
 v - 3 chunks of flesh


   Skills:
 + Level 6.1 Fighting
 + Level 5.5 Maces & Flails
 - Level 2.4 Armour
 - Level 2.6 Shields


You had 6 spell levels left.
You didn't know any spells.

Dungeon Overview and Level Annotations

Branches:
Dungeon (4/15)
 Temple: D:4-7

Altars:


Innate Abilities, Weirdness & Mutations

You have extremely sharp teeth.
You heal very quickly.
When hurt, damage is shared between your health and your magic reserves.
Your bite disrupts and absorbs the magic of your enemies.
Potions and wands cannot restore your health.
You are immune to rotting.


Message History

Things that are here:
a flail; a gnoll corpse You feel a little less mighty now.
An ogre comes into view. It is wielding a giant spiked club.
The ogre shouts!
You hit the ogre but do no damage. You bite the ogre, but do no damage.
The ogre hits you with a giant spiked club!
You barely miss the ogre. You hit the ogre. You bite the ogre.
You drain its power.
You feel invigorated.
The ogre is moderately wounded.
The ogre closely misses you.
You sock the ogre!
The ogre is severely wounded.
The ogre hits you with a giant spiked club!!
* * * LOW HITPOINT WARNING * * *
You hit the ogre but do no damage. You bite the ogre. You drain its power.
You feel invigorated.
The ogre is severely wounded.
The ogre hits you with a giant spiked club!
You die...

#.# ..#
#.# ...#
#.. ...#
#.. ###
#..# #.#
##..##..##
#.#
#........#
## #..
#........#
##. #..
#...O@...#
##.## #..
#..###...#
##.P.# #.#
# ####...#


#PPPP# #.# #......# #....# #.. #......####....###.. #.............รท.....
#................... #.......##....##...## ####....##....##...## You could see
an ogre.

Vanquished Creatures
  Grinder (D:3)
  The ghost of nikoo the Cudgeler, an amateur HuBe of Trog (D:3)
  An ogre (D:4)
  A jelly (D:4)
  2 worker ants (D:4)
  Robin (D:3)
  4 adders (D:2)
  11 gnolls
  An adder skeleton (D:4)
  4 worms
  2 dart slugs
  2 giant geckos
  3 orcs (D:4)
  A giant cockroach (D:1)
  18 goblins
  5 hobgoblins
  15 jackals (D:1)
  7 kobolds
  2 quokkas
  6 bats
  A giant gecko skeleton (D:4)
  4 giant newts
  7 rats
100 creatures vanquished.

Notes
Turn   | Place    | Note
--------------------------------------------------------------
     0 | D:1      | Kloppie the Vine Stalker Fighter began the quest for the Orb.
     0 | D:1      | Reached XP level 1. HP: 11/11 MP: 2/2
    66 | D:1      | Reached XP level 2. HP: 9/16 MP: 1/3
    74 | D:1      | Reached skill level 3 in Fighting
   187 | D:1      | Reached XP level 3. HP: 20/20 MP: 4/4
   576 | D:2      | Reached XP level 4. HP: 17/24 MP: 2/5
   891 | D:2      | Reached skill level 4 in Fighting
   891 | D:2      | Reached XP level 5. HP: 17/29 MP: 6/6
  1602 | D:3      | Noticed nikoo's ghost (amateur HuBe)
  1748 | D:3      | Noticed Grinder
  1770 | D:3      | Paralysed by Grinder for 4 turns
  1801 | D:3      | Killed Grinder
  1801 | D:3      | Reached skill level 5 in Fighting
  1801 | D:3      | Gained mutation: You heal very quickly. [Vine Stalker growth]
  1801 | D:3      | Reached XP level 6. HP: 12/35 MP: 7/7
  1946 | D:3      | Killed nikoo's ghost
  1946 | D:3      | Reached skill level 5 in Maces & Flails
  1946 | D:3      | Reached XP level 7. HP: 23/39 MP: 8/8
  1982 | D:3      | Noticed Robin
  2000 | D:3      | Killed Robin
  2212 | D:4      | Identified the Compendium of Feathery Curses
  2282 | D:4      | Reached skill level 6 in Fighting
  2550 | D:4      | Slain by an ogre

Skill      XL: |  1  2  3  4  5  6  7 |
---------------+----------------------+-----
Maces & Flails | 2 3 4 5 |  5.5
Fighting       | 3 4 5 6 |  6.1
Armour         | |  2.4
Shields        | |  2.6

Action                   |  1- 3 |  4- 6 |  7- 9 || total
-------------------------+-------+-------+-------++-------
Melee: Flail             |   115 |   128 |    75 ||   318
       Bite              |    29 |    38 |    24 ||    91
  Use: Potion            |       |       |     1 ||     1
  Eat: Chunk             |       |     4 |     2 ||     6
Armor: Scale mail        |    96 |    43 |    56 ||   195
Dodge: Dodged            |    83 |    75 |    59 ||   217
